 Dungeon Crawl Stone Soup version 0.29-a0-91-gdebf4667c2 (webtiles) character file.

Game seed: 9346089190477781929

9887 YayAnonymity the Cleaver (level 11, -12/89 HPs)
             Began as a Gnoll Berserker on Feb 8, 2022.
             Was an Elder of Trog.
             Mangled by a two-headed ogre (19 damage)
             ... on level 11 of the Dungeon.
             The game lasted 00:23:35 (15522 turns).

YayAnonymity the Cleaver (Gnoll Berserker)         Turns: 15522, Time: 00:23:36

Health: -12/89     AC: 18    Str: 20    XL:     11   Next: 53%
Magic:  20/20      EV: 10    Int:  8    God:    Trog [****..]
Gold:   1373       SH:  0    Dex: 11    Spells: 22/22 levels left

rFire   . . .      SeeInvis +   a - +0 hand axe (venom)
rCold   . . .      Faith    .   (no shield)
rNeg    . . .      Spirit   .   P - +0 chain mail
rPois   .          Reflect  .   D - +1 hat {Stlth+}
rElec   .          Harm     .   S - +0 cloak
rCorr   .          Rampage  .   e - +0 pair of gloves
Will    .....                   (no boots)
Stlth   +.........              (no amulet)
HPRegen 0.24/turn               n - +4 ring of protection
MPRegen 0.17/turn               m - ring of see invisible

@: on berserk cooldown, slowed, very slow
A: fangs 1, strong nose, distributed training
a: Renounce Religion, Berserk, Trog's Hand, Brothers in Arms


You were on level 11 of the Dungeon.
You worshipped Trog.
Trog was greatly pleased with you.
You visited 2 branches of the dungeon, and saw 12 of its levels.
You also visited: Sewer and Bailey.

You collected 1373 gold pieces.

Inventory:

Hand Weapons
 a - a +0 hand axe of venom (weapon)
 j - a +4 halberd
 R - a +5 hand axe
Missiles
 c - 2 throwing nets
 f - 207 stones
 t - 19 poisoned darts
 A - 19 boomerangs (quivered)
 E - 6 javelins
Armour
 e - a +0 pair of gloves (worn)
 i - a +4 plate armour
 D - a +1 hat of stealth (worn)
 P - a +0 chain mail (worn)
 S - a +0 cloak (worn)
Jewellery
 m - a ring of see invisible (right hand)
 n - a +4 ring of protection (left hand)
Wands
 g - a wand of paralysis (4)
 w - a wand of polymorph (11)
 H - a wand of acid (14)
 K - a wand of digging (4)
 O - a wand of mindburst (13)
Scrolls
 o - a scroll of silence
 q - 4 scrolls of fear
 r - 6 scrolls of vulnerability
 v - 3 scrolls of teleportation
 x - a scroll of brand weapon
 y - 2 scrolls of blinking
 F - a scroll of magic mapping
 I - a scroll of holy word
 L - 2 scrolls of enchant armour
 N - a scroll of fog
Potions
 b - a potion of ambrosia
 d - 2 potions of might
 h - 2 potions of heal wounds
 k - a potion of curing
 l - 2 potions of attraction
 p - 2 potions of invisibility
 s - a potion of resistance
 u - a potion of brilliance {unknown}
 z - a potion of berserk rage
 B - a potion of lignification {unknown}
 C - a potion of magic {unknown}
 G - 3 potions of haste {unknown}
 J - 6 potions of flight
Miscellaneous
 M - a piece from Xom's chessboard (15/15)


   Skills:
 + Level 9.2 Fighting
 + Level 6.4 Short Blades
 + Level 6.4 Long Blades
 + Level 9.2 Axes
 + Level 6.4 Maces & Flails
 + Level 6.4 Polearms
 + Level 6.4 Staves
 + Level 6.4 Slings
 + Level 6.4 Bows
 + Level 6.4 Crossbows
 + Level 6.4 Throwing
 + Level 7.9 Armour
 + Level 7.9 Dodging
 + Level 6.4 Stealth
 + Level 6.4 Shields
 + Level 6.4 Unarmed Combat
 + Level 6.4 Spellcasting
 + Level 5.3 Conjurations
 + Level 5.3 Hexes
 + Level 5.3 Summonings
 + Level 5.3 Necromancy
 + Level 5.3 Translocations
 + Level 5.3 Transmutations
 + Level 5.3 Fire Magic
 + Level 5.3 Ice Magic
 + Level 5.3 Air Magic
 + Level 5.3 Earth Magic
 + Level 5.3 Poison Magic
 + Level 7.0 Invocations
 + Level 6.4 Evocations


You had 22 spell levels left.
You didn't know any spells.
Your spell library was empty.

Dungeon Overview and Level Annotations

Branches:
Dungeon (11/15)            Temple (1/1) D:7            Lair (0/6) D:8
    Orc (0/2) D:9           Sewer (visited)          Bailey (visited)

Altars:
Ashenzari
Cheibriados
Dithmenos
Elyvilon
Fedhas
Gozag
Hepliaklqana
Kikubaaqudgha
Makhleb
Nemelex Xobeh
Okawaru
Qazlal
Ru
Sif Muna
Trog
Uskayaw
Vehumet
Wu Jian
Xom
Yredelemnul
Zin
The Shining One

Shops:
D:2 :


Innate Abilities, Weirdness & Mutations

You have very sharp teeth.
Your uncanny sense of smell can sniff out nearby items.
Your experience applies equally to all skills.


Message History

The two-headed ogre hits you with a +0 giant spiked club.
You hit the two-headed ogre.
The two-headed ogre is lightly wounded.
You barely miss the two-headed ogre.
The two-headed ogre is lightly wounded.
You barely miss the two-headed ogre. You bite the two-headed ogre.
The two-headed ogre is lightly wounded.
The two-headed ogre hits you with a +0 giant club!
The two-headed ogre closely misses you.
You slash the two-headed ogre!
The two-headed ogre is poisoned.
Your punch misses the two-headed ogre.
The two-headed ogre is moderately wounded.
You are no longer berserk.
You are exhausted.
You feel yourself slow down.
You hit the two-headed ogre but do no damage.
You punch the two-headed ogre, but do no damage.
The two-headed ogre is moderately wounded.
The two-headed ogre barely misses you. x2
You hit the two-headed ogre.
The two-headed ogre is heavily wounded.
The two-headed ogre hits you with a +0 giant club!
The two-headed ogre hits you with a +0 giant spiked club!
You hit the two-headed ogre but do no damage.
The two-headed ogre is heavily wounded.
The two-headed ogre barely misses you. x2
You slash the two-headed ogre!
The two-headed ogre looks as sick as possible!
You punch the two-headed ogre.
The two-headed ogre is severely wounded.
The two-headed ogre closely misses you.
The two-headed ogre hits you with a +0 giant spiked club.
You barely miss the two-headed ogre.
The two-headed ogre is severely wounded.
The two-headed ogre hits you with a +0 giant club!!
* * * LOW HITPOINT WARNING * * *
The two-headed ogre hits you with a +0 giant spiked club!!
* * * LOW HITPOINT WARNING * * *
The two-headed ogre hits you with a +0 giant club!!
You die...

#...
#......
#.?...
#..)..
+.>..
.... #.##
####.@###
#...O...#
#..>....#
#.......#
#.......#
#.......#
∆
#.......#
+.......#
#.......#


You could see a two-headed ogre (extremely poisoned).

Vanquished Creatures
  2 komodo dragons
  A troll (D:10)
  Prince Ribbit (D:9)
  2 wraiths
  15 yaks
  2 wyverns
  2 steam dragons (D:8)
  2 water moccasins
  13 orc warriors
  An ice beast (D:7)
  2 black bears (D:8)
  A necrophage (D:5)
  2 sky beasts
  3 ogres
  3 centaurs
  A phantom (D:7)
  A kobold brigand (D:8)
  2 scorpions (D:5)
  A gnoll sergeant (D:7)
  10 bullfrogs
  2 wyvern skeletons
  10 killer bees
  13 wights
  A howler monkey (D:8)
  2 centaur zombies
  A bullfrog zombie (D:7)
  A gnoll shaman (D:6)
  7 orc priests
  Crazy Yiuf (D:7)
  A hound (D:6)
  A bullfrog skeleton (D:6)
  5 iguanas
  7 orc wizards
  A killer bee zombie (D:6)
  Robin (D:4)
  14 gnolls
  A howler monkey zombie (D:8)
  13 adders
  2 white imps
  2 ufetubi
  3 adder skeletons
  3 dart slugs
  36 orcs
  4 bats
  6 endoplasms
  8 giant cockroaches
  19 goblins
  10 hobgoblins
  4 quokkas
  19 ball pythons
  11 frilled lizards
  16 kobolds
  6 rats
298 creatures vanquished.

Vanquished Creatures (others)
  8 fungi (D:8)
  9 plants (D:8)
17 creatures vanquished.

Grand Total: 315 creatures vanquished

Notes
Turn   | Place    | Note
-------+----------+-------------------------------------------
     0 | D:1      | YayAnonymity the Gnoll Berserker began the quest for the
                  | Orb.
     0 | D:1      | Reached XP level 1. HP: 23/23 MP: 1/1
   244 | D:1      | Reached XP level 2. HP: 22/29 MP: 2/2
   658 | D:1      | Reached XP level 3. HP: 35/35 MP: 3/3
   770 | D:1      | Reached ** piety under Trog
  1451 | D:2      | Reached skill level 1 in Invocations
  1517 | D:2      | Found a shimmering blue altar of Sif Muna.
  1616 | D:2      | Reached skill level 1 in Short Blades
  1616 | D:2      | Reached skill level 1 in Long Blades
  1616 | D:2      | Reached skill level 1 in Maces & Flails
  1616 | D:2      | Reached skill level 1 in Polearms
  1616 | D:2      | Reached skill level 1 in Staves
  1616 | D:2      | Reached skill level 1 in Slings
  1616 | D:2      | Reached skill level 1 in Bows
  1616 | D:2      | Reached skill level 1 in Crossbows
  1616 | D:2      | Reached skill level 1 in Throwing
  1616 | D:2      | Reached skill level 1 in Stealth
  1616 | D:2      | Reached skill level 1 in Shields
  1616 | D:2      | Reached skill level 1 in Unarmed Combat
  1616 | D:2      | Reached skill level 1 in Spellcasting
  1616 | D:2      | Reached skill level 1 in Evocations
  1734 | D:2      | Reached XP level 4. HP: 25/41 MP: 5/5
  1997 | D:2      | Found Difram's Book Shop.
  2482 | D:3      | Reached skill level 1 in Conjurations
  2482 | D:3      | Reached skill level 1 in Hexes
  2482 | D:3      | Reached skill level 1 in Summonings
  2482 | D:3      | Reached skill level 1 in Necromancy
  2482 | D:3      | Reached skill level 1 in Translocations
  2482 | D:3      | Reached skill level 1 in Transmutations
  2482 | D:3      | Reached skill level 1 in Fire Magic
  2482 | D:3      | Reached skill level 1 in Ice Magic
  2482 | D:3      | Reached skill level 1 in Air Magic
  2482 | D:3      | Reached skill level 1 in Earth Magic
  2482 | D:3      | Reached skill level 1 in Poison Magic
  2633 | D:3      | Reached XP level 5. HP: 45/47 MP: 6/6
  2862 | D:3      | Found a faded altar of an unknown god.
  3178 | D:4      | Found a glowing drain.
  3192 | D:4      | Reached *** piety under Trog
  3206 | D:4      | Noticed Robin
  3213 | Sewer    | Entered a sewer
  3532 | Sewer    | Reached XP level 6. HP: 51/53 MP: 8/8
  3759 | Sewer    | Reached **** piety under Trog
  3781 | Sewer    | Reached skill level 5 in Armour
  3781 | Sewer    | Reached skill level 5 in Dodging
  4264 | D:4      | Killed Robin
  4304 | D:4      | Noticed a wyvern
  4312 | D:4      | Killed a wyvern
  4313 | D:4      | Reached XP level 7. HP: 60/60 MP: 10/10
  5023 | D:5      | Entered Level 5 of the Dungeon
  5443 | D:5      | Reached XP level 8. HP: 67/67 MP: 12/12
  6259 | D:5      | Found a basalt altar of Yredelemnul.
  7118 | D:6      | Found Ciosmin's Assorted Antiques.
  7177 | D:6      | Reached ***** piety under Trog
  7184 | D:6      | Reached XP level 9. HP: 68/73 MP: 14/14
  7948 | D:7      | Noticed a komodo dragon
  7957 | D:7      | Killed a komodo dragon
  8004 | D:7      | Found a staircase to the Ecumenical Temple.
  8210 | Temple   | Entered the Ecumenical Temple
  8746 | D:7      | Found a runed translucent door.
  8747 | D:7      | Noticed Crazy Yiuf
  9069 | D:7      | Reached skill level 5 in Invocations
  9208 | D:7      | You fall into a shaft and drop 3 floors!
  9208 | D:10     | Entered Level 10 of the Dungeon
  9413 | D:8      | Reached XP level 10. HP: 47/80 MP: 17/17
  9491 | D:8      | Reached skill level 5 in Short Blades
  9491 | D:8      | Reached skill level 5 in Long Blades
  9491 | D:8      | Reached skill level 5 in Maces & Flails
  9491 | D:8      | Reached skill level 5 in Polearms
  9491 | D:8      | Reached skill level 5 in Staves
  9491 | D:8      | Reached skill level 5 in Slings
  9491 | D:8      | Reached skill level 5 in Bows
  9491 | D:8      | Reached skill level 5 in Crossbows
  9491 | D:8      | Reached skill level 5 in Throwing
  9491 | D:8      | Reached skill level 5 in Stealth
  9491 | D:8      | Reached skill level 5 in Shields
  9491 | D:8      | Reached skill level 5 in Unarmed Combat
  9491 | D:8      | Reached skill level 5 in Spellcasting
  9491 | D:8      | Reached skill level 5 in Evocations
  9619 | D:8      | Found a staircase to the Lair.
  9748 | D:8      | Found a flagged portal.
  9765 | Bailey   | Entered a bailey
 11064 | D:7      | Killed Crazy Yiuf
 11419 | D:8      | Found a sparkling altar of Nemelex Xobeh.
 12338 | D:9      | Reached XP level 11. HP: 87/87 MP: 19/19
 12949 | D:9      | Reached skill level 5 in Conjurations
 12949 | D:9      | Reached skill level 5 in Hexes
 12949 | D:9      | Reached skill level 5 in Summonings
 12949 | D:9      | Reached skill level 5 in Necromancy
 12949 | D:9      | Reached skill level 5 in Translocations
 12949 | D:9      | Reached skill level 5 in Transmutations
 12949 | D:9      | Reached skill level 5 in Fire Magic
 12949 | D:9      | Reached skill level 5 in Ice Magic
 12949 | D:9      | Reached skill level 5 in Air Magic
 12949 | D:9      | Reached skill level 5 in Earth Magic
 12949 | D:9      | Reached skill level 5 in Poison Magic
 13316 | D:9      | Received a gift from Trog
 13317 | D:9      | Found a staircase to the Orcish Mines.
 13805 | D:9      | Noticed Prince Ribbit
 13815 | D:9      | Killed Prince Ribbit
 15507 | D:11     | Noticed a two-headed ogre
 15522 | D:11     | Mangled by a two-headed ogre

Illustrated notes

Levels and vault maps discovered:
D:1:      kennysheep_arrival_forest, layout_basic
D:2:      layout_loops_ring, serial_shops, nicolae_shop_statue_plus,
          basic_altar, kennysheep_boxes
D:3:      layout_basic, ebering_ecumenical_altar_webs, dk_vineyard_2
D:4:      layout_gridville, cheibrodos_sewer_entry_drain, uniq_robin
D:5:      layout_loops_ring, yredelemnul_altar_generic
D:6:      layout_basic, serial_shops, shop_fountains
D:7:      layout_loops_corners, temple_pool_b, minmay_misc_feat_rows,
          uniq_crazy_yiuf_cottage
D:8:      layout_layer_cave, nemelex_spade_bored_becter,
          grunt_lair_entry_orc_guard_hut, enter_bailey_2,
          hellmonk_bongcloud_opening, nrook_uturn,
          minmay_fractal_squares_diagonal_5
D:9:      layout_gridville, david_orc_3, serial_co_window_serial,
          co_window_of_opportunity_a, co_window_corner_a, co_window_paths_a,
          co_window_paths_a, co_window_corner_a, co_window_unsneaky_path_e,
          co_window_2corner, co_window_unsneaky_path_c, co_window_broadway_b,
          co_window_sun, minivault_25, uniq_prince_ribbit1
D:10:     layout_cave_pools
D:11:     layout_roguey
Temple:   mainiacjoe_temple_big_plus

Skill      XL: |  1  2  3  4  5  6  7  8  9 10 11 |
---------------+----------------------------------+-----
Invocations    | 1 2 3 4 5 6 7 |  7.0
Short Blades   | 1 2 3 4 5 6 |  6.4
Long Blades    | 1 2 3 4 5 6 |  6.4
Maces & Flails | 1 2 3 4 5 6 |  6.4
Polearms       | 1 2 3 4 5 6 |  6.4
Staves         | 1 2 3 4 5 6 |  6.4
Slings         | 1 2 3 4 5 6 |  6.4
Bows           | 1 2 3 4 5 6 |  6.4
Crossbows      | 1 2 3 4 5 6 |  6.4
Throwing       | 1 2 3 4 5 6 |  6.4
Stealth        | 1 2 3 4 5 6 |  6.4
Shields        | 1 2 3 4 5 6 |  6.4
Unarmed Combat | 1 2 3 4 5 6 |  6.4
Spellcasting   | 1 2 3 4 5 6 |  6.4
Evocations     | 1 2 3 4 5 6 |  6.4
Conjurations   | 1 2 3 4 5 |  5.3
Hexes          | 1 2 3 4 5 |  5.3
Summonings     | 1 2 3 4 5 |  5.3
Necromancy     | 1 2 3 4 5 |  5.3
Translocations | 1 2 3 4 5 |  5.3
Transmutations | 1 2 3 4 5 |  5.3
Fire Magic     | 1 2 3 4 5 |  5.3
Ice Magic      | 1 2 3 4 5 |  5.3
Air Magic      | 1 2 3 4 5 |  5.3
Earth Magic    | 1 2 3 4 5 |  5.3
Poison Magic   | 1 2 3 4 5 |  5.3
Armour         | 5 6 7 |  7.9
Dodging        | 5 6 7 |  7.9
Fighting       | 7 8 9 |  9.2
Axes           | 7 8 9 |  9.2

Action                   |  1- 3 |  4- 6 |  7- 9 | 10-12 || total
-------------------------+-------+-------+-------+-------++-------
Melee: Hand axe          |    85 |   144 |   352 |   398 ||   979
       Bite              |     8 |    21 |    40 |    49 ||   118
       Punch             |     1 |     6 |    14 |    18 ||    39
       Whip              |    26 |    53 |       |       ||    79
Throw: Boomerang         |       |       |       |    32 ||    32
Invok: Berserk           |       |     3 |     9 |    10 ||    22
  Use: Scroll            |       |     2 |    11 |     7 ||    20
 Stab: Sleeping          |     1 |       |     1 |       ||     2
Armor: Animal skin       |    15 |       |       |       ||    15
       Ring mail         |    20 |    85 |   117 |    23 ||   245
       Chain mail        |       |       |       |   173 ||   173
Dodge: Dodged            |    57 |   122 |   193 |   205 ||   577

Table legend: (Time is in decaauts)
 A = Elapsed time spent in this place.
 B = Non-inter-level travel time spent in this place.
 C = Inter-level travel time spent in this place.
 D = Time resting spent in this place.
 E = Time spent auto-exploring this place.
 F = Levels seen in this place.
 G = Mean time per level.
                   A        B        C        D        E       F      G
               +--------+--------+--------+--------+--------+-----+--------+
         Total |  15778 |  14666 |   1112 |   2952 |   8910 |  14 | 1127.0 |
       Dungeon |  13291 |  12204 |   1087 |   2184 |   7838 |  11 | 1208.3 |
        Temple |    415 |    390 |     25 |      0 |    379 |   1 |  415.0 |
         Sewer |   1119 |   1119 |      0 |    416 |    414 |   1 | 1119.0 |
        Bailey |    953 |    953 |      0 |    352 |    278 |   1 |  953.0 |
               +--------+--------+--------+--------+--------+-----+--------+

Top non-repeatable levels by time:
     D:9: 2348 daAuts
     D:7: 1686 daAuts
     D:8: 1607 daAuts
     D:5: 1400 daAuts
     D:1: 1345 daAuts
     D:6: 1148 daAuts
   Sewer: 1119 daAuts
     D:2: 1049 daAuts
     D:4: 998 daAuts
  Bailey: 953 daAuts
    D:10: 905 daAuts
     D:3: 787 daAuts
  Temple: 415 daAuts
    D:11: 13 daAuts
